 Dungeon Crawl Stone Soup version 0.29.1-2-gbd0b4ee654 (webtiles) character file.

Game seed: 660284981858980238

13788 hawla the Frost Mage (level 12, -9/136 HPs)
             Began as a Gnoll Ice Elementalist on Nov 22, 2022.
             Was a Believer of Vehumet.
             Mangled by a sun demon (17 damage)
             ... on level 10 of the Dungeon.
             The game lasted 00:35:59 (11267 turns).

hawla the Frost Mage (Gnoll Ice Elementalist)      Turns: 11267, Time: 00:36:00

Health: -9/136     AC: 26    Str:  7    XL:     12   Next: 9%
Magic:  24/24      EV:  2    Int: 24    God:    Vehumet [**....]
Gold:   676        SH:  0    Dex: 13    Spells: 14/28 levels left

rFire   . . .      SeeInvis .   J - +8 spear of Destiny {holy, Fly rN+}
rCold   . . .      Faith    .   (no shield)
rNeg    + . .      Spirit   .   (body armour currently unavailable)
rPois   +          Reflect  .   (helmet currently unavailable)
rElec   .          Harm     .   (cloak currently unavailable)
rCorr   .          Rampage  .   (gloves currently unavailable)
Will    .....      NoTele   +   (boots currently unavailable)
Stlth   ++++......              E - amulet of regeneration
HPRegen 1.12/turn               H - +6 ring of intelligence
MPRegen 0.19/turn               g - ring of flight

@: tree-form, freezing walls
A: stationary, stasis, torment immunity, boosted hp, (fangs 1), strong nose,
distributed training, clumsy 1, wild magic 1
a: Renounce Religion


You were on level 10 of the Dungeon.
You worshipped Vehumet.
Vehumet was pleased with you.
You were a tree.
You visited 1 branch of the dungeon, and saw 10 of its levels.

You collected 704 gold pieces.
You spent 28 gold pieces at shops.

Inventory:

Hand Weapons
 d - a +3 lajatang of pain
 k - a +0 quarterstaff
 q - the +7 lajatang "Isuf" {vorpal, rPois rC- rN++ MP+9}
   (You acquired it on level 8 of the Dungeon)

   It inflicts extra damage upon your enemies.
   rC:        It makes you vulnerable to cold.
   rPois:     It protects you from poison.
   rN:        It greatly protects you from negative energy.
   MP:        It affects your magic capacity (+9).
 J - the +8 spear of Destiny (weapon) {holy, Fly rN+}
   (You found it on level 9 of the Dungeon)

   It has been blessed by the Shining One to cause great damage to the undead
   and demons.
   rN:        It protects you from negative energy.
   Fly:       It grants you flight.
Missiles
 a - 20 poisoned darts (quivered)
 w - a curare-tipped dart
Armour
 m - a +2 robe of the Archmagi (melded)
 n - a scarf of invisibility
 v - a +0 pair of boots (melded)
 B - +0 steam dragon scales
 F - a +0 cloak (melded)
Magical Staves
 G - a staff of cold
Jewellery
 c - a +6 ring of dexterity
 e - a ring of ice
 g - a ring of flight (right branch)
 p - a ring of positive energy
 E - an amulet of regeneration (around neck)
 H - a +6 ring of intelligence (left branch)
Wands
 f - a wand of digging (5)
 j - a wand of polymorph (4)
 s - a wand of charming (21)
 u - a wand of iceblast (11)
 A - a wand of flame (18)
Scrolls
 o - a scroll of immolation {unknown}
 t - a scroll of brand weapon
 x - 7 scrolls of identify
 y - a scroll of noise {unknown}
 C - a scroll of magic mapping
 K - a scroll of blinking {unknown}
 L - a scroll of fog {unknown}
 N - 3 scrolls of poison {unknown}
Potions
 b - 3 potions of magic
 h - 2 potions of attraction
 i - 3 potions of lignification
 l - 3 potions of curing
 r - 2 potions of ambrosia
 z - a potion of resistance {unknown}
 D - a potion of mutation
 M - a potion of haste {unknown}


   Skills:
 + Level 7.2 Fighting
 + Level 7.2 Short Blades
 + Level 7.2 Long Blades
 + Level 7.2 Axes
 + Level 7.2 Maces & Flails
 + Level 7.2 Polearms
 + Level 7.2 Staves
 + Level 7.2 Ranged Weapons
 + Level 7.2 Throwing
 + Level 7.2 Armour
 + Level 8.6 Dodging
 + Level 8.4 Stealth
 + Level 7.2 Shields
 + Level 7.2 Unarmed Combat
 + Level 8.9 Spellcasting
 + Level 6.0 Conjurations
 + Level 6.0 Hexes
 + Level 6.0 Summonings
 + Level 6.0 Necromancy
 + Level 6.0 Translocations
 + Level 6.0 Transmutations
 + Level 6.0 Fire Magic
 + Level 9.4 Ice Magic
 + Level 6.0 Air Magic
 + Level 6.0 Earth Magic
 + Level 6.0 Poison Magic
 + Level 7.9 Invocations
 + Level 7.2 Evocations


You had 14 spell levels left.
You knew the following spells:

 Your Spells              Type           Power      Damage    Failure   Level
a - Freeze                Ice            100%       1d11      1%          1
b - Frozen Ramparts       Ice            100%       1d16      1%          3
c - Hailstorm             Conj/Ice       58%        3d13      4%          4
d - Airstrike             Air            25%        2d(4-20)  8%          4
e - Scorch                Fire           100%       2d10      1%          2

Your spell library contained the following spells:

 Spells                   Type           Power      Damage    Failure   Level
 Conjure Flame            Conj/Fire      51%        6-21      3%          3
 Ozocubu's Armour         Ice            64%        N/A       1%          3
 Portal Projectile        Hex/Tloc       100%       N/A       3%          3
 Tukima's Dance           Hex            51%        N/A       3%          3
 Summon Lightning Spire   Summ/Air       51%        N/A       8%          4
 Blade Hands              Tmut           25%        N/A       21%         5
 Lightning Bolt           Conj/Air       25%        1d41      21%         5
 Summon Forest            Summ/Tloc      25%        N/A       21%         5
 Summon Mana Viper        Hex/Summ       51%        N/A       21%         5
 Summon Cactus Giant      Summ           25%        N/A       69%         6


Dungeon Overview and Level Annotations

Branches:
Dungeon (10/15)            Temple (0/1) D:7
   Lair: D:8-11         Orc: D:9-12

Altars:
Cheibriados
Dithmenos
Hepliaklqana
Makhleb
Nemelex Xobeh
Sif Muna
Vehumet
Wu Jian
Xom
Yredelemnul

Shops:
D:5 (


Innate Abilities, Weirdness & Mutations

You are a tree.
Your roots penetrate the ground, keeping you stationary.
You cannot be teleported.
You are immune to unholy pain and torment.
Your maximum health is greatly increased.
Your equipment is partially melded.
((You have very sharp teeth.))
Your uncanny sense of smell can sniff out nearby items.
Your experience applies equally to all skills.
You are clumsy. (Dex -2)
Your spells are a little harder to cast, but a little more powerful.


Message History

* * * LOW HITPOINT WARNING * * *
You feel your dexterity returning.
Your Conjurations skill increases to level 6!
Your Hexes skill increases to level 6!
Your Summonings skill increases to level 6!
Your Necromancy skill increases to level 6!
Your Translocations skill increases to level 6!
Your Transmutations skill increases to level 6!
Your Fire Magic skill increases to level 6!
Your Air Magic skill increases to level 6!
Your Earth Magic skill increases to level 6!
Your Poison Magic skill increases to level 6!
You feel better.
You feel less invigorated.
The wall freezes the orc warrior but does no damage.
The wall freezes something!
The wall freezes the sun demon but does no damage.
The sun demon barely misses you.
Okay, then.
Really quaff the potion of lignification?
You turn into a tree.
Your +0 cloak melds into your body.
Your +0 pair of boots melds into your body.
Your +2 robe of the Archmagi melds into your body.
You feel strangely numb.
Your roots penetrate the ground.
The wall freezes the orc warrior!
The wall freezes something!
Vehumet accepts your kill.
Reactivating autopickup.
You feel a bit more experienced.
The sun demon is frozen!
The wall freezes the sun demon!
The sun demon hits you.
* * * LOW HITPOINT WARNING * * *
You are engulfed in flames!
* * * LOW HITPOINT WARNING * * *
You miss the sun demon.
The sun demon is heavily wounded.
The wall freezes the orc wizard!
The wall freezes the orc warrior!
You kill the orc warrior!
Vehumet accepts your kill.
The wall freezes the sun demon.
The sun demon hits you!
* * * LOW HITPOINT WARNING * * *
You are engulfed in flames!
You die...

.'.......# #.#
#......[# #.# .......#
#.# . #.....# #.# [..
#.....# #.#
.P...#..5>.# #.#
......))4..# #.#
.....)h#3### #.#
....o.##♣# #####'##
.....# #.# #......#
....# #.# #......# )4##
#.# #......# #
######.###### #......#
.............###......#
##..)..4###...........#
#...⌠..# ##.≈§.......#
##.....# #.≈≈.......#


You could see a sun demon, an ice devil, a chaos spawn and a quasit.

Vanquished Creatures
  2 boulder beetles (D:8)
  A centaur warrior (D:8)
  A tengu warrior (D:8)
  A sun demon (D:10)
  A sixfirhy (D:10)
  Pikel (D:6)
  A deep elf pyromancer (D:8)
  Maggie (D:6)
  A gargoyle (D:8)
  An unseen horror (D:8)
  A hellwing (D:10)
  A komodo dragon (D:8)
  2 trolls
  Sigmund (D:2)
  16 yaks
  A shadow (D:8)
  3 wyverns
  A human (D:6)
  Eustachio (D:6)
  2 steam dragons (D:8)
  A vampire mosquito (D:8)
  3 acid dragons (D:9)
  2 water moccasins
  3 ice beasts
  A sky beast (D:8)
  A black bear (D:6)
  2 orc warriors
  2 ogres
  9 centaurs
  4 lemures (D:6)
  A phantom (D:5)
  4 kobold brigands
  A necrophage (D:5)
  5 bullfrogs
  3 gnoll sergeants
  2 scorpions
  5 howler monkeys
  3 electric eels (D:7)
  A quasit (D:10)
  A jelly (D:8)
  An orc priest (D:6)
  A gnoll bouda (D:8)
  3 hounds
  4 iguanas
  Natasha (thrice) (D:4)
  8 orc wizards
  3 gnolls (D:10)
  A river rat (D:5)
  7 adders
  3 shadow imps
  3 white imps
  An ufetubus (D:6)
  4 worms
  27 orcs
  5 ball pythons
  4 endoplasms
  4 giant cockroaches
  4 goblins
  8 hobgoblins
  17 kobolds
  3 quokkas
  4 bats
  8 frilled lizards
  7 rats
  A bush (D:2)
228 creatures vanquished.

Vanquished Creatures (others)
  A vampire (D:8)
  5 demonic plants (D:10)
  14 plants
20 creatures vanquished.

Grand Total: 248 creatures vanquished

Notes
Turn   | Place    | Note
-------+----------+-------------------------------------------
     0 | D:1      | hawla the Gnoll Ice Elementalist began the quest for the
                  | Orb.
     0 | D:1      | Reached XP level 1. HP: 13/13 MP: 6/6
   255 | D:1      | Reached XP level 2. HP: 19/19 MP: 7/7
   601 | D:1      | Reached skill level 5 in Spellcasting
   601 | D:1      | Reached XP level 3. HP: 25/25 MP: 5/9
  1065 | D:2      | Identified a scroll of acquirement
  1065 | D:2      | Acquired a +2 lajatang of pain
  1146 | D:2      | Reached skill level 1 in Invocations
  1152 | D:2      | Learned a level 3 spell: Frozen Ramparts
  1363 | D:2      | Noticed Sigmund
  1377 | D:2      | Gained mutation: You possess an exceptional clarity of
                  | mind. [potion of mutation]
  1388 | D:2      | Killed Sigmund
  1389 | D:2      | Reached skill level 1 in Fighting
  1389 | D:2      | Reached skill level 1 in Short Blades
  1389 | D:2      | Reached skill level 1 in Long Blades
  1389 | D:2      | Reached skill level 1 in Axes
  1389 | D:2      | Reached skill level 1 in Maces & Flails
  1389 | D:2      | Reached skill level 1 in Polearms
  1389 | D:2      | Reached skill level 1 in Staves
  1389 | D:2      | Reached skill level 1 in Ranged Weapons
  1389 | D:2      | Reached skill level 1 in Throwing
  1389 | D:2      | Reached skill level 1 in Armour
  1389 | D:2      | Reached skill level 1 in Shields
  1389 | D:2      | Reached skill level 1 in Unarmed Combat
  1389 | D:2      | Reached skill level 1 in Conjurations
  1389 | D:2      | Reached skill level 1 in Hexes
  1389 | D:2      | Reached skill level 1 in Summonings
  1389 | D:2      | Reached skill level 1 in Necromancy
  1389 | D:2      | Reached skill level 1 in Translocations
  1389 | D:2      | Reached skill level 1 in Transmutations
  1389 | D:2      | Reached skill level 1 in Fire Magic
  1389 | D:2      | Reached skill level 1 in Air Magic
  1389 | D:2      | Reached skill level 1 in Earth Magic
  1389 | D:2      | Reached skill level 1 in Poison Magic
  1389 | D:2      | Reached skill level 1 in Evocations
  1389 | D:2      | Reached XP level 4. HP: 22/33 MP: 4/11
  1389 | D:2      | Reached XP level 5. HP: 26/38 MP: 4/12
  1753 | D:2      | Found a faded altar of an unknown god.
  1820 | D:2      | Found a hazy altar of Hepliaklqana.
  2029 | D:2      | Learned a level 4 spell: Hailstorm
  2780 | D:3      | Found a shadowy altar of Dithmenos.
  3244 | D:3      | Reached XP level 6. HP: 44/44 MP: 13/13
  3578 | D:4      | Noticed Natasha
  3590 | D:4      | Killed Natasha
  3621 | D:4      | Noticed Natasha
  3634 | D:4      | Killed Natasha
  3635 | D:4      | Reached skill level 5 in Dodging
  4050 | D:4      | Found a burning altar of Makhleb.
  4050 | D:4      | Noticed Natasha
  4057 | D:4      | Killed Natasha
  4372 | D:5      | Entered Level 5 of the Dungeon
  4453 | D:5      | Reached XP level 7. HP: 31/49 MP: 11/15
  4702 | D:5      | Reached skill level 5 in Stealth
  4794 | D:5      | Found an ornate altar of the Wu Jian Council.
  4994 | D:5      | Found a glowing drain.
  5171 | D:5      | Found Nann's Weapon Shop.
  5249 | D:5      | Bought 5 poisoned darts for 28 gold pieces
  5283 | D:5      | Reached XP level 8. HP: 53/58 MP: 13/16
  5485 | D:6      | Found a shimmering blue altar of Sif Muna.
  5775 | D:6      | Found a runed translucent door.
  5778 | D:6      | Found a basalt altar of Yredelemnul.
  6458 | D:6      | Found a sparkling altar of Nemelex Xobeh.
  6461 | D:6      | Noticed Pikel
  6475 | D:6      | Killed Pikel
  6476 | D:6      | Reached XP level 9. HP: 33/65 MP: 16/18
  6637 | D:6      | Found a shimmering altar of Xom.
  6677 | D:6      | Identified the +1 plate armour of Fekomon {rElec rN++
                  | Int-4}
  6696 | D:6      | Noticed Eustachio
  6705 | D:6      | Killed Eustachio
  6706 | D:6      | Reached skill level 8 in Ice Magic
  6834 | D:6      | Found a radiant altar of Vehumet.
  6835 | D:6      | Noticed Maggie
  6845 | D:6      | Killed Maggie
  6879 | D:6      | Became a worshipper of Vehumet
  6880 | D:6      | Lost mutation: You possess an exceptional clarity of mind.
                  | [potion of mutation]
  6880 | D:6      | Gained mutation: You are clumsy. (Dex -2) [potion of
                  | mutation]
  6880 | D:6      | Gained mutation: Your spells are a little harder to cast,
                  | but a little more powerful. [potion of mutation]
  7272 | D:7      | Reached skill level 5 in Invocations
  8267 | D:7      | Found a staircase to the Ecumenical Temple.
  8671 | D:8      | Acquired the +7 lajatang "Isuf" {vorpal, rPois rC- rN++
                  | MP+9}
  8759 | D:8      | Reached skill level 5 in Fighting
  8759 | D:8      | Reached skill level 5 in Short Blades
  8759 | D:8      | Reached skill level 5 in Long Blades
  8759 | D:8      | Reached skill level 5 in Axes
  8759 | D:8      | Reached skill level 5 in Maces & Flails
  8759 | D:8      | Reached skill level 5 in Polearms
  8759 | D:8      | Reached skill level 5 in Staves
  8759 | D:8      | Reached skill level 5 in Ranged Weapons
  8759 | D:8      | Reached skill level 5 in Throwing
  8759 | D:8      | Reached skill level 5 in Armour
  8759 | D:8      | Reached skill level 5 in Shields
  8759 | D:8      | Reached skill level 5 in Unarmed Combat
  8759 | D:8      | Reached skill level 5 in Evocations
  8759 | D:8      | Reached XP level 10. HP: 74/74 MP: 20/20
  8812 | D:8      | Found a snail-covered altar of Cheibriados.
  9036 | D:8      | Reached * piety under Vehumet
  9036 | D:8      | Offered knowledge of Shock by Vehumet.
  9175 | D:8      | Noticed a deep elf pyromancer
  9183 | D:8      | Noticed a tengu warrior
  9186 | D:8      | Killed a deep elf pyromancer
  9192 | D:8      | Killed a tengu warrior
  9241 | D:8      | Noticed a centaur warrior
  9243 | D:8      | HP: 3/76 [centaur warrior/arrow (19)]
  9358 | D:8      | Noticed a gargoyle
  9365 | D:8      | Killed a gargoyle
  9366 | D:8      | Reached skill level 5 in Conjurations
  9366 | D:8      | Reached skill level 5 in Hexes
  9366 | D:8      | Reached skill level 5 in Summonings
  9366 | D:8      | Reached skill level 5 in Necromancy
  9366 | D:8      | Reached skill level 5 in Translocations
  9366 | D:8      | Reached skill level 5 in Transmutations
  9366 | D:8      | Reached skill level 5 in Fire Magic
  9366 | D:8      | Reached skill level 5 in Air Magic
  9366 | D:8      | Reached skill level 5 in Earth Magic
  9366 | D:8      | Reached skill level 5 in Poison Magic
  9371 | D:8      | Reached XP level 11. HP: 43/81 MP: 12/22
  9381 | D:8      | Learned a level 4 spell: Airstrike
  9508 | D:8      | Killed a centaur warrior
  9551 | D:8      | Noticed a boulder beetle
  9562 | D:8      | Offered knowledge of Scorch by Vehumet.
  9590 | D:8      | Killed a boulder beetle
  9590 | D:8      | Reached ** piety under Vehumet
  9591 | D:8      | Reached skill level 9 in Ice Magic
  9928 | D:8      | Noticed a boulder beetle
  9942 | D:8      | Killed a boulder beetle
 10289 | D:9      | Identified the +8 spear of Destiny {holy, Fly rN+}
 10824 | D:9      | Learned a level 2 spell: Scorch
 10966 | D:10     | Entered Level 10 of the Dungeon
 11002 | D:10     | Noticed a soul eater
 11003 | D:10     | Noticed a sixfirhy
 11224 | D:10     | Noticed a sun demon
 11230 | D:10     | Killed a sun demon
 11230 | D:10     | Offered knowledge of Conjure Flame by Vehumet.
 11231 | D:10     | Reached XP level 12. HP: 66/91 MP: 16/24
 11239 | D:10     | Noticed a sun demon
 11267 | D:10     | Mangled by a sun demon

Illustrated notes

Levels and vault maps discovered:
D:1:      sevenhm_arrival_forest_fort_small_3, layout_basic
D:2:      layout_loops_ring, hellmonk_ecumenical_altar_pennies_from_heaven,
          basic_altar, serial_forest, infiniplex_forest_split,
          infiniplex_forest_end_1, infiniplex_forest_clump_cross,
          infiniplex_forest_clump_diagonal, infiniplex_forest_clump_double,
          solitary_fountain, kennysheep_generic_room_10, uniq_sigmund
D:3:      layout_basic, grunt_dithmenos_smoke_and_mirrors
D:4:      layout_basic, makhleb_heckhound_becter, uniq_natasha
D:5:      nicolae_cairo_tiling_very_big, layout_rooms, lemuel_doored_altar,
          serial_shops, shop_fountains, portal_sewer_entry_c,
          minmay_misc_feat_room
D:6:      layout_loops_ring, lemuel_tele_altar, dk_yredelemnul_ordeal,
          mainiacjoe_overflow_brackets, xom_butterflies,
          mainiacjoe_overflow_surrounded_room, glass_columns_a, uniq_eustachio,
          uniq_maggie, uniq_pikel
D:7:      layout_basic, temple_green, serial_rivers,
          chequers_serial_rivers_large_a, chequers_serial_rivers_marsh,
          chequers_serial_rivers_small_3, chequers_serial_rivers_small_3,
          chequers_serial_rivers_marsh, chequers_serial_rivers_room_b,
          serial_bayou_lagoon_b
D:8:      minmay_the_grid_octo_tiled_octocenter
          [minmay_the_grid_octo_thin_diamonds, minmay_the_grid_octo_checkered,
          minmay_the_grid_octo_focus, minmay_the_grid_octo_odd_swirl,
          minmay_the_grid_octo_prize_square_snowflake,
          minmay_the_grid_square_5x5_almost_minimal,
          minmay_the_grid_square_5x5_lines, minmay_the_grid_square_5x5_mess,
          minmay_the_grid_square_5x5_sharp_hourglass], layout_basic,
          mainiacjoe_overflow_cross_hatched, fountainhead
D:9:      layout_loops_ring
D:10:     layout_roguey, mainiacjoe_overflow_small_starburst,
          erik_lair_orcish_takeover, serial_demonic, serial_demonic_d,
          serial_demonic_c, serial_demonic_g, serial_demonic_c,
          serial_demonic_c, serial_demonic_a, hellmonk_guarded_unrand_cigotuvi

Skill      XL: |  1  2  3  4  5  6  7  8  9 10 11 12 |
---------------+-------------------------------------+-----
Spellcasting   | 5 6 7 8 |  8.9
Invocations    | 1 2 3 4 5 6 7 |  7.9
Fighting       | 1 2 3 4 5 6 7 |  7.2
Short Blades   | 1 2 3 4 5 6 7 |  7.2
Long Blades    | 1 2 3 4 5 6 7 |  7.2
Axes           | 1 2 3 4 5 6 7 |  7.2
Maces & Flails | 1 2 3 4 5 6 7 |  7.2
Polearms       | 1 2 3 4 5 6 7 |  7.2
Staves         | 1 2 3 4 5 6 7 |  7.2
Ranged Weapons | 1 2 3 4 5 6 7 |  7.2
Throwing       | 1 2 3 4 5 6 7 |  7.2
Armour         | 1 2 3 4 5 6 7 |  7.2
Shields        | 1 2 3 4 5 6 7 |  7.2
Unarmed Combat | 1 2 3 4 5 6 7 |  7.2
Conjurations   | 1 2 3 4 5 6 |  6.0
Hexes          | 1 2 3 4 5 6 |  6.0
Summonings     | 1 2 3 4 5 6 |  6.0
Necromancy     | 1 2 3 4 5 6 |  6.0
Translocations | 1 2 3 4 5 6 |  6.0
Transmutations | 1 2 3 4 5 6 |  6.0
Fire Magic     | 1 2 3 4 5 6 |  6.0
Air Magic      | 1 2 3 4 5 6 |  6.0
Earth Magic    | 1 2 3 4 5 6 |  6.0
Poison Magic   | 1 2 3 4 5 6 |  6.0
Evocations     | 1 2 3 4 5 6 7 |  7.2
Dodging        | 5 6 7 8 |  8.6
Stealth        | 5 6 7 8 |  8.4
Ice Magic      | 8 9 |  9.4

Action                   |  1- 3 |  4- 6 |  7- 9 | 10-12 || total
-------------------------+-------+-------+-------+-------++-------
Melee: Unarmed           |     9 |       |       |       ||     9
       Lajatang          |    13 |    98 |    94 |   123 ||   328
       Bite              |     2 |    16 |    12 |    13 ||    43
       Spear             |       |       |       |    26 ||    26
       Punch             |       |       |       |     2 ||     2
Throw: Dart              |       |       |       |    13 ||    13
 Cast: Freeze            |    35 |     2 |     9 |     1 ||    47
       Frozen Ramparts   |     2 |     9 |    21 |    43 ||    75
       Hailstorm         |       |     1 |    18 |    19 ||    38
Evoke: Wand              |       |       |     2 |     4 ||     6
  Use: Scroll            |     2 |     7 |     5 |     5 ||    19
       Potion            |     2 |       |     1 |    10 ||    13
 Stab: Distracted        |     1 |       |     1 |       ||     2
       Sleeping          |     1 |     5 |     3 |       ||     9
Armor: Robe              |    14 |    12 |    31 |    60 ||   117
       Skin              |       |       |       |     5 ||     5
Dodge: Dodged            |    39 |    42 |    79 |   211 ||   371
